 Dungeon Crawl Stone Soup version 0.30-a0-778-g2ef04afb54 (webtiles) character file.

Game seed: 8842457936256050933

718 sircluck the Chopper (level 7, 0/61 HPs)
             Began as a Hill Orc Fighter on Feb 16, 2023.
             Slain by Duvessa
             ... wielding a +0 short sword
              (13 damage)
             ... on level 5 of the Dungeon.
             The game lasted 00:06:28 (4212 turns).

sircluck the Chopper (Hill Orc Fighter)             Turns: 4212, Time: 00:06:28

Health: 0/61       AC:  7    Str: 21    XL:     7   Next: 70%
Magic:  7/7        EV:  9    Int:  8    God:
Gold:   301        SH:  4    Dex: 10    Spells: 6/6 levels left

rFire   . . .      SeeInvis .    a - +0 war axe
rCold   . . .      Faith    .    c - +0 buckler
rNeg    . . .      Spirit   .    b - +0 scale mail
rPois   .          Reflect  .    (no helmet)
rElec   .          Harm     .    (no cloak)
rCorr   .          Rampage  .    (no gloves)
Will    .....                    (no boots) Stlth
                                 (no amulet)
HPRegen 0.30/turn                (no ring)
MPRegen 0.10/turn                (no ring)

@: no status effects
A: no striking features
a: no special abilities


You were on level 5 of the Dungeon.
You visited 1 branch of the dungeon, and saw 5 of its levels.

You collected 301 gold pieces.

Inventory:

Hand Weapons
 a - a +0 war axe (weapon)
 u - a +0 war axe
Missiles
 h - 51 stones (quivered)
 t - 5 atropa-tipped darts
Armour
 b - a +0 scale mail (worn)
 c - a +0 buckler (worn)
 f - an orb of guile
Jewellery
 y - a ring of flight
Scrolls
 e - 7 scrolls of identify {unknown}
 g - 2 scrolls of enchant weapon {unknown}
 i - a scroll of fog {unknown}
 o - 2 scrolls of poison {unknown}
 p - a scroll of teleportation {unknown}
 q - 2 scrolls of butterflies {unknown}
 r - a scroll of amnesia {unknown}
 s - 2 scrolls of enchant armour {unknown}
 w - a scroll of brand weapon {unknown}
Potions
 d - 2 potions of might
 j - a potion of invisibility
 k - 2 potions of curing
 l - a potion of heal wounds {unknown}
 m - a potion of cancellation {unknown}
 n - a potion of lignification {unknown}
 v - 2 potions of ambrosia {unknown}
 x - a potion of attraction {unknown}
 z - a potion of brilliance


   Skills:
 + Level 5.5 Fighting
 + Level 7.6 Axes
 + Level 5.5 Armour
 + Level 1.0 Dodging
 + Level 0.3 Stealth
 + Level 4.1 Shields


You had 6 spell levels left.
You didn't know any spells.
Your spell library was empty.

Dungeon Overview and Level Annotations

Branches:
Dungeon (5/15)             Temple (0/1) D:4

Altars:
Dithmenos

Shops:
D:2 ?

Annotations:
D:5 Duvessa


Message History

Dowan barely misses you.
You barely miss Duvessa.
Duvessa is severely wounded.
You closely miss Dowan. Duvessa barely misses you.
Duvessa hits you with a +0 short sword. You block Dowan's attack.
You hit Duvessa.
Duvessa is severely wounded.
You hit Dowan. Duvessa hits you with a +0 short sword.
Dowan hits you with a +0 dagger. Duvessa barely misses you.
You are too injured to fight recklessly!
You are too injured to fight recklessly!
You are too injured to fight recklessly!
You barely miss Duvessa.
Duvessa is severely wounded.
You slash Dowan! Duvessa hits you with a +0 short sword!
Dowan hits you but does no damage. Duvessa barely misses you.
You slash Dowan!
You kill Dowan!
Duvessa screams in rage.
Duvessa goes berserk!
You hit Duvessa but do no damage. You block Duvessa's attack.
You hit Duvessa but do no damage.
Duvessa is severely wounded.
Duvessa hits you with a +0 short sword!
* * * LOW HITPOINT WARNING * * *
Duvessa barely misses you.
You barely miss Duvessa.
Duvessa is severely wounded.
Duvessa completely misses you. You block Duvessa's attack.
It was a potion of curing.
You feel better. Duvessa hits you with a +0 short sword!
* * * LOW HITPOINT WARNING * * *
Duvessa barely misses you.
You feel better. Duvessa closely misses you.
You slash Duvessa!
Duvessa is severely wounded.
Duvessa hits you with a +0 short sword.
* * * LOW HITPOINT WARNING * * *
Duvessa hits you with a +0 short sword!
You die...

# ............. # #
' #..##....... #. .#
⌠. #..#.#.#.## #..
.##... #...#.#.#
#.#..##...##......##
#..#..##...##.......
#S.)..''.⌠.''..##.#
##e.##...##..## .#
##@.##...##..## ..
##.†##...##...# ##
#..##.⌠.##..#.#
#.####'##..##...
#........####.###
####.#.### #.#
#.#.######.#
#.#........#
#.#######...


You could see Duvessa (berserk, fast).

Vanquished Creatures
  A black bear (D:5)
  A necrophage (D:4)
  2 scorpions (D:5)
  Dowan (D:5)
  A jelly (D:4)
  2 hounds (D:4)
  3 iguanas
  4 orc wizards
  3 adders
  4 gnolls (D:2)
  2 worms
  3 orcs
  5 bats
  6 endoplasms
  2 giant cockroaches
  6 goblins
  8 hobgoblins
  2 jackals (D:4)
  4 quokkas
  6 ball pythons
  3 frilled lizards
  9 kobolds
  7 rats
85 creatures vanquished.

Notes
Turn   | Place    | Note
-------+----------+-------------------------------------------
     0 | D:1      | sircluck the Hill Orc Fighter began the quest for the Orb.
     0 | D:1      | Reached XP level 1. HP: 19/19 MP: 1/1
    92 | D:1      | Reached XP level 2. HP: 24/27 MP: 2/2
   234 | D:1      | Reached skill level 3 in Axes
   452 | D:1      | Reached XP level 3. HP: 33/33 MP: 3/3
   652 | D:2      | Reached XP level 4. HP: 22/41 MP: 4/4
   808 | D:2      | Reached skill level 4 in Axes
  1018 | D:2      | Reached XP level 5. HP: 35/47 MP: 5/5
  1083 | D:2      | Found Utware Gocu's Magic Scroll Shoppe.
  1900 | D:3      | Reached skill level 5 in Axes
  2837 | D:4      | Reached XP level 6. HP: 52/53 MP: 6/6
  2911 | D:4      | Reached skill level 6 in Axes
  2944 | D:4      | Found a staircase to the Ecumenical Temple.
  3068 | D:4      | Found a shadowy altar of Dithmenos.
  3539 | D:5      | Entered Level 5 of the Dungeon
  3621 | D:5      | Noticed Duvessa
  3621 | D:5      | Noticed Dowan
  3678 | D:5      | Noticed a black bear
  3690 | D:5      | Killed a black bear
  3691 | D:5      | Reached skill level 5 in Armour
  3694 | D:5      | Reached skill level 5 in Fighting
  3694 | D:5      | Reached XP level 7. HP: 21/61 MP: 7/7
  3859 | D:4      | Reached skill level 7 in Axes
  4173 | D:5      | Reached skill level 1 in Dodging
  4206 | D:5      | Killed Dowan
  4210 | D:5      | HP: 3/61 [Duvessa/+0 short sword (11)]
  4212 | D:5      | Slain by Duvessa

Illustrated notes

Levels and vault maps discovered:
D:1:      evilmike_arrival_hilbert_curve, layout_rooms
D:2:      layout_basic, serial_shops, nicolae_shop_trees
D:3:      minmay_general_purpose_star, layout_basic
D:4:      layout_loops_cross, lemuel_doored_altar, temple_doors_e,
          minmay_crossroads
D:5:      layout_loops_ring, nicolae_overflow_hidden_temple, abandoned_shop,
          minmay_hedge_maze, grunt_decor_arrowhead, uniq_duvessa

Skill      XL: |  1  2  3  4  5  6  7 |
---------------+----------------------+-----
Axes           | 3 4 5 6 7 |  7.6
Fighting       | 4 5 |  5.5
Armour         | 4 5 |  5.5
Shields        | 4 |  4.1
Dodging        | 1 |  1.0
Stealth        | |  0.3

Action                     |  1- 3 |  4- 6 |  7- 9 || total
---------------------------+-------+-------+-------++-------
  Melee: War axe           |    70 |   146 |    52 ||   268
  Throw: Stone             |       |       |     2 ||     2
    Use: Potion            |       |     2 |     2 ||     4
 Armour: Scale mail        |    37 |    82 |    22 ||   141
  Dodge: Dodged            |    30 |    61 |    25 ||   116
  Block: Buckler           |     9 |    37 |    11 ||    57

Table legend: (Time is in decaauts)
 A = Elapsed time spent in this place.
 B = Non-inter-level travel time spent in this place.
 C = Inter-level travel time spent in this place.
 D = Time resting spent in this place.
 E = Time spent auto-exploring this place.
 F = Levels seen in this place.
 G = Mean time per level.
                   A        B        C        D        E       F      G
               +--------+--------+--------+--------+--------+-----+--------+
         Total |   4298 |   3525 |    773 |    228 |   2507 |   5 |  859.6 |
       Dungeon |   4298 |   3525 |    773 |    228 |   2507 |   5 |  859.6 |
               +--------+--------+--------+--------+--------+-----+--------+

Top non-repeatable levels by time:
     D:4: 1255 daAuts
     D:3: 1000 daAuts
     D:2: 971 daAuts
     D:1: 784 daAuts
     D:5: 286 daAuts
